 Dungeon Crawl Stone Soup version 0.31-a0-233-g139696dc86 (webtiles) character file.

Game seed: 6041468094132196904

126 qw the Shooter (level 4, -9/37 HPs)
             Began as a Minotaur Hexslinger on July 7, 2023.
             Mangled by a rust devil (11 damage)
             ... on level 5 of the Dungeon.
             The game lasted 00:00:38 (1760 turns).

qw the Shooter (Minotaur Hexslinger)                Turns: 1760, Time: 00:00:39

Health: -9/37      AC:  2    Str: 19    XL:     4   Next: 83%
Magic:  4/4        EV: 11    Int: 10    God:
Gold:   136        SH:  0    Dex: 14    Spells: 4/5 levels left

rFire   . . .        Y - +1 sling (flame)
rCold   . . .        (no shield)
rNeg    + . .        b - +0 ring mail
rPois   .            (helmet restricted)
rElec   .            (no cloak)
rCorr   .            f - +0 pair of gloves
SInv    .            (no boots)
Will    .....        (no amulet)
Stlth   +            i - +6 ring of strength
HPRegen 0.26/turn    l - ring of positive energy
MPRegen 0.09/turn

%: no passive effects
@: corroded
A: horns 2, retaliatory headbutt
a: no special abilities


You were on level 5 of the Dungeon.
You visited 1 branch of the dungeon, and saw 5 of its levels.

You collected 136 gold pieces.


Innate Abilities, Weirdness & Mutations

You have a pair of horns on your head.
You reflexively headbutt those who attack you in melee.


   Skills:
 - Level 2.7 Fighting
 - Level 5.1 Ranged Weapons
 + Level 0.1 Armour
 - Level 2.1 Dodging
 - Level 1.0 Spellcasting
 - Level 2.0 Hexes


You had 4 spell levels left.
You knew the following spells:

 Your Spells              Type           Power      Damage    Failure   Level
a - Slow                  Hex            16%        N/A       26%         1

Your spell library contained the following spells:

 Spells                   Type           Power      Damage    Failure   Level
 Inner Flame              Hex/Fire       2%         N/A       75%         3
 Portal Projectile        Hex/Tloc       4%         N/A       75%         3
 Cause Fear               Hex            2%         N/A       95%         4

Inventory:

Hand Weapons
 Y - a +1 sling of flaming (weapon)
Armour
 b - a +0 ring mail (worn)
 f - a +0 pair of gloves (worn)
Jewellery
 i - a +6 ring of strength (left hand)
 l - a ring of positive energy (right hand)
Scrolls
 e - a scroll of identify
Potions
 g - a potion of haste
 h - 2 potions of curing
 j - a potion of mutation {unknown}

Dungeon Overview and Level Annotations

Branches:
Dungeon (6/15)
 Temple: D:4-7

Altars:


Message History

The rust devil screeches!
The orc warrior shouts!
The rust devil screeches!
The orc warrior shouts!
Found a war axe, a crude morningstar, a scimitar and a halberd.
There is a stone staircase leading down here.
There are monsters nearby!
Waypoint 4 assigned to D:5.
You shoot a sling bullet. The sling bullet hits the orc warrior.
The sling bullet burns the orc warrior.
The orc warrior is lightly wounded.
You shoot a sling bullet.
The sling bullet hits the orc warrior but does no damage.
The orc warrior is lightly wounded.
You shoot a sling bullet.
The sling bullet hits the orc warrior but does no damage.
The orc warrior is lightly wounded.
You shoot a sling bullet.
The sling bullet hits the orc warrior but does no damage.
The orc warrior is lightly wounded.
The orc warrior hits you with a +0 scimitar!
The orc warrior hits you with a +0 dire flail!
You shoot a sling bullet.
The sling bullet barely misses the orc warrior.
The orc warrior barely misses you.
The orc warrior hits you with a +0 scimitar.
The orc warrior barely misses you.
The orc warrior hits you with a +0 dire flail.
1758 ||| DRINKING potion of heal wounds.
You feel much better.
The orc warrior hits you with a +0 scimitar.
The orc warrior misses you. You furiously retaliate!
You headbutt the orc warrior. You shoot a sling bullet.
The sling bullet barely misses the orc warrior.
The orc warrior hits you with a +0 scimitar!
The rust devil hits you. The rust devil corrodes you!
The orc warrior hits you with a +0 dire flail!
You shoot a sling bullet.
The sling bullet hits the orc warrior but does no damage.
The orc warrior is moderately wounded.
The rust devil hits you!
You die...

# #
#)#+#)
7.....7
......4##
...8.4o@#
......o##
7.....7
#)#+#) #
#


You could see 2 rust devils and 2 orc warriors.

Vanquished Creatures
  Jessica (D:2)
  Robin (D:2)
  3 adders (D:2)
  2 dart slugs (D:1)
  An orc (D:2)
  6 endoplasms
  3 giant cockroaches
  10 goblins
  2 hobgoblins
  6 jackals (D:2)
  3 kobolds (D:1)
  5 quokkas
  3 ball pythons
  A frilled lizard (D:1)
  4 rats
51 creatures vanquished.

Notes
Turn   | Place    | Note
-------+----------+-------------------------------------------
     0 | D:1      | qw the Minotaur Hexslinger began the quest for the Orb.
     0 | D:1      | Reached XP level 1. HP: 16/16 MP: 1/1
     0 | D:1      | 0 ||| qw: Version: 0.3-a-46-gb1f654a
     0 | D:1      | 0 ||| qw: Game counter: 3043
     0 | D:1      | 0 ||| qw: Melee chars always use a shield: true
     0 | D:1      | 0 ||| qw: God list: Okawaru
     0 | D:1      | 0 ||| qw: Allow faded altars: false
     0 | D:1      | 0 ||| qw: Do Orc after clearing Dungeon:15 true
     0 | D:1      | 0 ||| qw: Do second Lair branch before Depths: true
     0 | D:1      | 0 ||| qw: Lair rune preference: random
     0 | D:1      | 0 ||| qw: Goals: Normal
     0 | D:1      | 0 ||| PLANNING D:1-11
    88 | D:1      | Reached skill level 3 in Ranged Weapons
    88 | D:1      | Reached XP level 2. HP: 23/23 MP: 2/2
   617 | D:1      | Reached XP level 3. HP: 29/29 MP: 3/3
   632 | D:1      | 632 ||| UPGRADING to +0 pair of gloves.
   637 | D:1      | 637 ||| UPGRADING to +6 ring of strength.
   638 | D:1      | 638 ||| READING scroll labelled ZYEG AKHLAVOHEHEXU.
   642 | D:1      | 642 ||| READING 5 scrolls labelled FAGIUH FEMPOS.
   643 | D:1      | 643 ||| READING 4 scrolls of identify.
   643 | D:1      | 643 ||| IDENTIFYING cyan potion
   644 | D:1      | 644 ||| READING 3 scrolls of identify.
   644 | D:1      | 644 ||| IDENTIFYING red potion
   645 | D:1      | 645 ||| DROPPING scroll of poison.
   692 | D:2      | Reached skill level 4 in Ranged Weapons
  1012 | D:2      | 1012 ||| FLEEEEING.
  1013 | D:2      | 1013 ||| FLEEEEING.
  1014 | D:2      | 1014 ||| FLEEEEING.
  1015 | D:2      | 1015 ||| FLEEEEING.
  1016 | D:2      | 1016 ||| FLEEEEING.
  1017 | D:2      | 1017 ||| FLEEEEING.
  1018 | D:2      | 1018 ||| FLEEEEING.
  1019 | D:2      | 1019 ||| FLEEEEING.
  1020 | D:2      | 1020 ||| FLEEEEING.
  1033 | D:2      | Noticed Robin
  1036 | D:2      | Killed Robin
  1037 | D:2      | Reached XP level 4. HP: 36/36 MP: 4/4
  1083 | D:2      | Noticed Jessica
  1085 | D:2      | Killed Jessica
  1086 | D:2      | Reached skill level 5 in Ranged Weapons
  1638 | D:2      | 1638 ||| UPGRADING to +0 ring mail.
  1648 | D:2      | 1648 ||| DROPPING +0 robe.
  1649 | D:2      | 1649 ||| UPGRADING to ring of positive energy.
  1650 | D:2      | 1650 ||| READING scroll labelled MOVEIL ERGHU.
  1651 | D:2      | 1651 ||| READING scroll labelled LATUCOYSSY.
  1652 | D:2      | 1652 ||| READING 2 scrolls of identify.
  1652 | D:2      | 1652 ||| IDENTIFYING fizzy yellow potion
  1736 | D:3      | You fall into a shaft and drop 3 floors!
  1742 | D:6      | 1742 ||| READING scroll labelled IGIAXI MAUXZOR.
  1743 | D:6      | 1743 ||| READING scroll labelled QAUMAENENWI.
  1752 | D:5      | Entered Level 5 of the Dungeon
  1752 | D:5      | Noticed a rust devil
  1752 | D:5      | Noticed an orc warrior
  1752 | D:5      | Noticed a rust devil
  1752 | D:5      | Noticed an orc warrior
  1757 | D:5      | HP: 5/37 [orc warrior/+0 dire flail (6)]
  1758 | D:5      | 1758 ||| DRINKING potion of heal wounds.
  1759 | D:5      | HP: 2/37 [orc warrior/+0 dire flail (13)]
  1760 | D:5      | Mangled by a rust devil

Levels and vault maps discovered:
D:1:      minmay_arrival_four_circles, layout_loops_ring, minmay_cupped
D:2:      layout_basic, columned_hall_lemuel, hex_intersection, uniq_robin,
          uniq_jessica
D:3:      layout_basic, serial_shops, shop, grunt_ministairs_1,
          kennysheep_boxes, uniq_grinder, uniq_ijyb, uniq_terence
D:5:      cheibrodos_iron_armory, layout_loops_ring
D:6:      gammafunk_steamed_eel, layout_basic, mainiacjoe_overflow_tiny_flanked,
          minmay_temple_entry_stoned_glass, serial_shops, shop, grunt_decor_cap

Skill      XL: |  1  2  3  4 |
---------------+-------------+-----
Ranged Weapons | 3 4 5 |  5.1
Fighting       | 2 |  2.7
Armour         | |  0.1
Dodging        | |  2.1
Spellcasting   | |  1.0
Hexes          | |  2.0

Action                     |  1- 3 |  4- 6 || total
---------------------------+-------+-------++-------
   Fire: Sling             |    88 |    42 ||   130
    Use: Scroll            |     4 |     5 ||     9
         Potion            |       |     1 ||     1
 Armour: Robe              |    10 |     1 ||    11
         Ring mail         |       |     1 ||     1
  Dodge: Dodged            |    23 |    10 ||    33

Table legend:
 A = Non-vault XP
 B = Vault XP
 C = Vault XP percentage of total XP
 D = Non-vault monster count
 E = Vault monster count
 F = Vault count percentage of total count
                 A         B        C        D         E       F
            +---------+---------+-------+---------+---------+-------
      Total |     111 |      69 |  38.3 |      41 |      10 |  19.6
            +---------+---------+-------+---------+---------+-------
        D:1 |      38 |       4 |   9.5 |      21 |       2 |   8.7
        D:2 |      71 |      65 |  47.8 |      19 |       8 |  29.6
        D:3 |       2 |       0 |   0.0 |       1 |       0 |   0.0
            +---------+---------+-------+---------+---------+-------
